 Dungeon Crawl Stone Soup version 0.31-a0-325-g067879e3d3 (webtiles) character file.

Game seed: 12454428055992556487

73282 cforsyth the Brawler (level 15, -2/114 HPs)
             Began as a Vampire Shapeshifter on July 19, 2023.
             Was the Champion of Hepliaklqana.
             Slain by a guardian serpent (14 damage)
             ... on level 5 of the Lair of Beasts.
             The game lasted 00:35:07 (23663 turns).

cforsyth the Brawler (Vampire Shapeshifter)        Turns: 23663, Time: 00:35:08

Health: -2/114     AC: 13    Str: 20    XL:     15   Next: 3%
Magic:  24/24      EV:  8    Int: 10    God:    Hepliaklqana [******]
Gold:   1800       SH:  0    Dex: 17    Spells: 14/14 levels left

rFire   + .          .
                       - Unarmed
rCold   . . .        (shield currently unavailable)
rNeg    + . .        D - +2 chain mail {rF+}
rPois   .            q - +0 helmet
rElec   .            (no cloak)
rCorr   .            p - melded +0 pair of gloves
SInv    +            A - +1 pair of boots {Fly}
Will    +....        (no amulet) Stlth
                     t - +4 ring of protection
HPRegen 0.59/turn    P - ring "Akefinu" {rN+ MP+9 Slay+3}
MPRegen 0.19/turn

%: no passive effects
@: lethally poisoned (-2 -> -25), blade hands, flying, healing quickly
A: reduced essence, alive, fangs 3, see invisible, vampiric 2
a: Exsanguinate, Begin Untransformation, Renounce Religion, Recall Ancestor,
Ancestor Identity, Transference, Idealise


You were on level 5 of the Lair of Beasts.
You worshipped Hepliaklqana.
Hepliaklqana was exalted by your worship.
You had blades for hands.
You visited 3 branches of the dungeon, and saw 18 of its levels.
You also visited: Bailey and Volcano.

You collected 1800 gold pieces.

Inventory:

Missiles
 x - 2 throwing nets
Armour
 p - a +0 pair of gloves (melded)
 q - a +0 helmet (worn)
 A - a +1 pair of boots of flying (worn)
 D - a +2 chain mail of fire resistance (worn)
 M - a +1 pair of boots
 Z - a +2 chain mail of fire resistance
Jewellery
 j - a ring of wizardry
 l - a ring of fire
 r - a +6 ring of intelligence
 t - a +4 ring of protection (left blade hand)
 w - a ring of ice
 y - a +6 ring of dexterity
 L - a +4 ring of protection
 P - the ring "Akefinu" (right blade hand) {rN+ MP+9 Slay+3}
   (You took it off a skeletal warrior on level 12 of the Dungeon)

   [ring of magical power]

   Slay:      It affects your accuracy & damage with ranged weapons and melee
   (+3).
   rN:        It protects you from negative energy.
   MP:        It affects your magic capacity (+9).
 T - a ring of magical power
Talismans
 c - a beast talisman
 W - a blade talisman
Wands
 g - a wand of mindburst (6)
 v - a wand of roots (8)
 E - a wand of digging (5)
 H - a wand of flame (10)
 I - a wand of charming (30)
 K - a wand of polymorph (13)
 R - a wand of quicksilver (8)
Scrolls
 d - 8 scrolls of enchant armour
 e - 3 scrolls of amnesia
 f - 2 scrolls of fear
 i - 4 scrolls of enchant weapon
 u - 2 scrolls of revelation
 C - a scroll of immolation
 G - 3 scrolls of vulnerability
 N - 4 scrolls of poison
 U - 2 scrolls of teleportation
 Y - 2 scrolls of fog
Potions
 b - 3 potions of lignification
 h - 3 potions of might
 k - a potion of resistance
 m - 2 potions of magic
 n - 10 potions of heal wounds
 s - 5 potions of curing
 z - 5 potions of brilliance
 B - 4 potions of enlightenment
 F - 4 potions of mutation
 J - a potion of haste
 O - a potion of invisibility {unknown}
 V - 3 potions of attraction
 X - 3 potions of cancellation


   Skills:
 + Level 14.6 Fighting
 - Level 2.1 Dodging
 + Level 17.0 Unarmed Combat
 + Level 14.7 Shapeshifting


You had 14 spell levels left.
You didn't know any spells.
Your spell library contained the following spells:

 Spells                   Type           Power      Damage    Failure   Level
 Blink                    Tloc           0%         N/A       100%        2
 Ensorcelled Hibernation  Hex/Ice        0%         N/A       100%        2
 Lesser Beckoning         Tloc           0%         N/A       100%        2
 Momentum Strike          Conj/Tloc      0%         3d8       100%        2
 Passwall                 Tmut/Erth      0%         N/A       100%        2
 Static Discharge         Conj/Air       0%         2-2/arc   100%        2
 Call Canine Familiar     Summ           0%         N/A       100%        3
 Gell's Gravitas          Tloc           0%         N/A       100%        3
 Ignite Poison            Fire/Tmut/Pois 0%         N/A       100%        3
 Inner Flame              Hex/Fire       0%         N/A       100%        3
 Portal Projectile        Hex/Tloc       0%         N/A       100%        3
 Swiftness                Air            0%         N/A       100%        3
 Teleport Other           Tloc           0%         N/A       100%        3
 Airstrike                Air            0%         2d(0-16)  100%        4
 Flame Wave               Conj/Fire      0%         2d4       100%        4
 Fulminant Prism          Conj/Hex       0%         3d5       100%        4
 Leda's Liquefaction      Hex/Erth       0%         N/A       100%        4
 Sticky Flame             Conj/Fire      0%         2d3       100%        4
 Summon Lightning Spire   Summ/Air       0%         N/A       100%        4
 Alistair's Intoxication  Tmut/Pois      0%         N/A       100%        5


Dungeon Overview and Level Annotations

Branches:
Dungeon (12/15)            Temple (1/1) D:5            Lair (5/5) D:10
  Swamp (0/4) Lair:2        Snake (0/4) Lair:2        Slime (0/5) Lair:5
    Orc (0/2) D:11         Bailey (visited)         Volcano (visited)

Altars:
Ashenzari
Cheibriados
Dithmenos
Fedhas
Gozag
Hepliaklqana
Kikubaaqudgha
Makhleb
Nemelex Xobeh
Okawaru
Qazlal
Ru
Sif Muna
Trog
Uskayaw
Vehumet
Wu Jian
Xom
Yredelemnul

Annotations:
D:4 3 runed translucent doors, knightboat's ghost, novice DrSh
Lair:5 Rupert


Innate Abilities, Weirdness & Mutations

You have blades for hands.
Your spellcasting is less reliable in this form.
You are incapable of wielding weapons or throwing items.
Your life essence is reduced to manifest your ancestor. (-10% HP)
Your natural rate of healing is accelerated.
You have razor-sharp teeth.
You have supernaturally acute eyesight. (SInv)
You are afflicted with vampirism and can become a bat while bloodless.


Message History

The black mamba bites you but does no damage.
Nindada hits the black mamba with a +0 broad axe of flaming!!
Nindada burns the black mamba.
You shred the black mamba!!!
You kill the black mamba!
You feel very sick. The guardian serpent hits you!
You are too injured to fight recklessly!
You are too injured to fight recklessly!
You are too injured to fight recklessly!
You are too injured to fight recklessly!
You are too injured to fight recklessly!
You are too injured to fight recklessly!
You are too injured to fight recklessly!
You are too injured to fight recklessly!
You hit the guardian serpent but do no damage.
You feel very sick. The guardian serpent barely misses you.
Nindada hits the guardian serpent with a +0 broad axe of flaming!
Nindada burns the guardian serpent.
Unknown command.
You barely miss the guardian serpent.
The guardian serpent is moderately wounded.
You feel very sick.
The guardian serpent hits you but does no damage.
You closely miss the guardian serpent.
You bite the guardian serpent, but do no damage.
The guardian serpent is lightly wounded.
You feel very sick.
The guardian serpent casts a spell at you.
The bolt of poison hits you!!
You are more poisoned.
* * * LOW HITPOINT WARNING * * *
Nindada closely misses the guardian serpent.
You closely miss the guardian serpent.
The guardian serpent is lightly wounded.
* * * LOW HITPOINT WARNING * * *
You feel very sick. The guardian serpent hits you!
You die...

.....##.÷.#....#...##............
..÷...##÷.##..##..##....PP.......
.......##).#..#.)##......P.......
###.....#..# #.##....###........
..###.†...#######...###.##.......
....###...##..##..###..$ #.......
.P†...###.#....####...$. #.......
........###.....R.....$! #.......
........###.....@S....(! #...†...
.P....###.#...†####...$) #.......
....###.......##..###..$ #......#
..###....#..#####(..###.##<......
###.....##.####.##(...###†...#..#
.......##..#..#).##..........P.##
......##..##..##..##....P......##
.....##...#....#...##.........#..
....##...##....##...##........#..


You could see the friendly Nindada the knight and a guardian serpent (ally
target).

Vanquished Creatures
  Josephine (Lair:4)
  A fire dragon (Volcano)
  A great orb of eyes (shapeshifter) (D:12)
  2 hydras
  A catoblepas (Lair:3)
  An ogre mage (D:12)
  2 boulder beetles
  5 two-headed ogres
  A tengu warrior (D:11)
  6 death yaks
  2 skysharks
  Pikel (D:3)
  2 lindwurms (Volcano)
  A wolf spider (Lair:5)
  4 cyclopes
  2 ugly things (D:12)
  10 elephants
  7 black mambas
  13 cane toads
  3 smoke demons (Volcano)
  3 kobold demonologists
  3 unseen horrors (D:11)
  2 rime drakes (Lair:4)
  8 komodo dragons
  An efreet (D:11)
  2 yaktaurs (D:12)
  A burning bush (Lair:2)
  4 trolls
  7 polar bears
  2 hornets
  14 blink frogs
  6 dream sheep
  A slime creature (D:12)
  47 yaks
  9 wyverns
  4 basilisks
  5 wraiths (Lair:4)
  3 redbacks (Lair:5)
  3 vampire mosquitoes (D:12)
  6 steam dragons
  2 acid dragons
  A warg (Lair:5)
  3 swamp worms (Lair:2)
  19 water moccasins
  6 hell hounds
  13 black bears
  An ice beast (D:6)
  3 sky beasts
  6 orc warriors
  32 wolves
  6 centaurs (D:12)
  3 lemures
  4 phantoms
  4 kobold brigands
  15 bullfrogs
  3 gnoll sergeants
  4 scorpions
  8 wights
  14 killer bees
  A howler monkey (D:12)
  2 jellies (D:5)
  5 hounds
  8 orc priests
  2 sleepcaps
  5 iguanas
  14 orc wizards
  4 hell rats (Lair:2)
  Robin (D:2)
  18 gnolls
  3 adders
  A shadow imp (D:5)
  A white imp (D:4)
  4 worms
  8 dart slugs
  38 orcs
  6 ball pythons
  8 endoplasms
  3 giant cockroaches
  13 goblins
  17 hobgoblins
  7 quokkas
  10 bats
  A frilled lizard (D:1)
  14 kobolds
  3 rats
541 creatures vanquished.

Vanquished Creatures (collateral kills)
  A centaur warrior (D:11)
  3 two-headed ogres
  A skeletal warrior (D:12)
  2 lindwurms (Volcano)
  An oklob plant (Lair:2)
  3 elephants
  5 cane toads
  A komodo dragon (Lair:5)
  A burning bush (Lair:2)
  3 hornets (Lair:5)
  A raiju (Lair:5)
  3 blink frogs
  A dream sheep (Lair:5)
  3 yaks
  2 wyverns (Lair:5)
  A vampire (D:9)
  A basilisk (Lair:5)
  A steam dragon (D:8)
  A warg (Lair:5)
  An acid dragon (D:8)
  2 water moccasins
  An orc warrior (Bailey)
  2 black bears (D:10)
  A wolf (Lair:2)
  A howler monkey (D:7)
  An orc wizard (D:8)
  2 hell rats (Lair:2)
  4 orcs
  9 kobolds
  2 butterflies (Lair:3)
61 creatures vanquished.

Vanquished Creatures (others)
  6 knights
  An ancestor (Bailey)
7 creatures vanquished.

Grand Total: 609 creatures vanquished

Notes
Turn   | Place    | Note
-------+----------+-------------------------------------------
     0 | D:1      | cforsyth the Vampire Shapeshifter began the quest for the
                  | Orb.
     0 | D:1      | Reached XP level 1. HP: 16/16 MP: 1/1
   328 | D:1      | Reached XP level 2. HP: 21/22 MP: 2/2
  1006 | D:2      | Gained mutation: You are afflicted with vampirism and can
                  | become a bat while bloodless. [Vampire growth]
  1006 | D:2      | Reached XP level 3. HP: 21/28 MP: 3/3
  1112 | D:2      | Reached skill level 3 in Unarmed Combat
  1269 | D:2      | Reached XP level 4. HP: 34/34 MP: 4/4
  1765 | D:3      | Noticed Robin
  1925 | D:2      | Killed Robin
  1926 | D:2      | Reached XP level 5. HP: 18/41 MP: 5/5
  2251 | D:3      | Found a sacrificial altar of Ru.
  2257 | D:3      | Found a shadowy altar of Dithmenos.
  2473 | D:4      | Reached skill level 4 in Unarmed Combat
  2477 | D:4      | HP: 2/41 [orc priest/+0 dagger (3)]
  2641 | D:4      | Reached XP level 6. HP: 42/47 MP: 6/6
  2740 | D:4      | Noticed knightboat's ghost (novice DrSh)
  2741 | D:4      | Found a runed translucent gate.
  2741 | D:4      | Found a runed translucent gate.
  2742 | D:4      | Found a runed translucent gate.
  2743 | D:4      | Noticed a yak
  2882 | D:4      | Noticed Pikel
  3145 | D:3      | Killed Pikel
  3146 | D:3      | Reached skill level 5 in Fighting
  3146 | D:3      | Reached skill level 5 in Unarmed Combat
  3146 | D:3      | Reached skill level 5 in Shapeshifting
  3146 | D:3      | Reached XP level 7. HP: 33/56 MP: 7/7
  3349 | D:4      | Reached skill level 6 in Unarmed Combat
  3839 | D:5      | Entered Level 5 of the Dungeon
  3880 | D:5      | Reached XP level 8. HP: 58/62 MP: 8/8
  4138 | D:5      | Found a staircase to the Ecumenical Temple.
  4184 | Temple   | Entered the Ecumenical Temple
  4212 | Temple   | Became a worshipper of Hepliaklqana the Forgotten
  4513 | D:5      | Reached skill level 7 in Unarmed Combat
  5596 | D:6      | Noticed a hornet
  5600 | D:6      | Killed a hornet
  5601 | D:6      | Reached XP level 9. HP: 71/71 MP: 9/9
  5881 | D:5      | Reached skill level 8 in Unarmed Combat
  6179 | D:6      | Reached * piety under Hepliaklqana
  6448 | D:6      | Identified the +0 robe of Vanity {Rampage rN++}
  6532 | D:6      | Found an opulent altar of Gozag.
  6716 | D:7      | Found a flagged portal.
  6737 | Bailey   | Entered a bailey
  6867 | Bailey   | Reached skill level 9 in Unarmed Combat
  7053 | Bailey   | Got the Parchment of the Changed Sphinx
  7480 | D:7      | Reached XP level 10. HP: 66/72 MP: 10/10
  7710 | D:7      | Reached ** piety under Hepliaklqana
  7711 | D:7      | Remembered your ancestor Nindada as a knight
  7995 | D:8      | Noticed a two-headed ogre
  8090 | D:7      | Killed a two-headed ogre
  8359 | D:8      | Reached skill level 10 in Unarmed Combat
  9051 | D:9      | Reached *** piety under Hepliaklqana
  9129 | D:9      | Found a hide-covered altar of Uskayaw.
  9440 | D:10     | Entered Level 10 of the Dungeon
  9648 | D:10     | Reached skill level 11 in Unarmed Combat
  9648 | D:10     | Reached XP level 11. HP: 42/80 MP: 11/11
  9809 | D:10     | Found a blossoming altar of Fedhas.
  9862 | D:10     | Found a staircase to the Lair.
 10146 | D:10     | Reached skill level 10 in Shapeshifting
 10296 | D:11     | Reached **** piety under Hepliaklqana
 10460 | D:11     | Reached skill level 10 in Fighting
 10625 | D:11     | Noticed a boulder beetle
 10639 | D:11     | Killed a boulder beetle
 10726 | D:11     | Noticed a two-headed ogre
 10730 | D:11     | Noticed a centaur warrior
 10734 | D:11     | Killed a two-headed ogre
 10737 | D:11     | Reached skill level 12 in Unarmed Combat
 10982 | D:11     | Noticed a two-headed ogre
 10990 | D:11     | Killed a two-headed ogre
 11000 | D:11     | Noticed a two-headed ogre
 11094 | D:10     | Killed a two-headed ogre
 11478 | D:11     | Killed a centaur warrior
 11574 | D:11     | Noticed a two-headed ogre
 11582 | D:11     | Killed a two-headed ogre
 11583 | D:11     | Reached XP level 12. HP: 71/89 MP: 12/12
 11804 | D:11     | Found a staircase to the Orcish Mines.
 12088 | D:12     | Found a shadowy altar of Dithmenos.
 12096 | D:12     | Found the +0 toga "Victory" {*Victory Clar}
 12473 | D:12     | Noticed a two-headed ogre
 12474 | D:12     | Noticed a two-headed ogre
 12474 | D:12     | Noticed a tengu warrior
 12563 | D:12     | Killed a two-headed ogre
 12564 | D:12     | Reached skill level 13 in Unarmed Combat
 12799 | D:12     | Noticed a two-headed ogre
 12805 | D:12     | Killed a two-headed ogre
 13143 | D:12     | Killed a two-headed ogre
 13433 | D:12     | Noticed a great orb of eyes
 13447 | D:12     | Killed a great orb of eyes
 13486 | D:12     | Identified the ring "Akefinu" {rN+ MP+9 Slay+3}
 13509 | D:12     | Noticed an ogre mage
 13557 | D:12     | Killed an ogre mage
 13625 | D:11     | Killed a tengu warrior
 14212 | Lair:1   | Entered Level 1 of the Lair of Beasts
 14212 | Lair:1   | Reached ***** piety under Hepliaklqana
 14302 | Lair:1   | Reached skill level 14 in Unarmed Combat
 14680 | Lair:1   | Reached XP level 13. HP: 97/97 MP: 13/13
 17468 | Lair:2   | Found a staircase to the Snake Pit.
 17533 | Lair:2   | Found a staircase to the Swamp.
 17644 | Lair:2   | Reached skill level 15 in Unarmed Combat
 18813 | Lair:3   | HP: 4/99 [poisoned by a cane toad]
 19738 | Lair:3   | You fall into a shaft and drop 2 floors!
 19738 | Lair:5   | Entered Level 5 of the Lair of Beasts
 19739 | Lair:5   | Found a staircase to the Slime Pits.
 19809 | Lair:4   | Reached XP level 14. HP: 75/106 MP: 14/14
 19823 | Lair:4   | Found a dark tunnel.
 19899 | Volcano  | Entered a volcano
 20477 | Lair:4   | Noticed Josephine
 20482 | Lair:4   | Reached skill level 16 in Unarmed Combat
 20486 | Lair:4   | Killed Josephine
 22181 | Lair:5   | Reached ****** piety under Hepliaklqana
 22365 | Lair:5   | Noticed Rupert
 23014 | Lair:5   | Paralysed by a hornet for 2 turns
 23388 | Lair:5   | Paralysed by a hornet for 2 turns
 23410 | Lair:5   | Reached XP level 15. HP: 30/114 MP: 15/15
 23654 | Lair:5   | Reached skill level 17 in Unarmed Combat
 23663 | Lair:5   | Slain by a guardian serpent

Illustrated notes

Levels and vault maps discovered:
D:1:      minmay_arrival_radiant_lines, layout_basic,
          minmay_misc_feat_diagonals, minmay_tromino_v7
D:2:      layout_rooms, serial_park_tiny_pond, st_stairs_1, grunt_ministairs_7
D:3:      layout_basic, jmf_multi_god_temple, uniq_robin
D:4:      kennysheep_big_flooded_room, layout_loops_ring, gammafunk_ghost_split,
          minmay_cupped, uniq_pikel
D:5:      layout_loops_corners, minmay_temple_entry_stoned_glass,
          minmay_misc_feat_x
D:6:      layout_cave_pools, mainiacjoe_overflow_24_doors, grunt_ministairs_4,
          corner_web_ring
D:7:      layout_loops_ring, enter_bailey_6
D:8:      layout_basic
D:9:      layout_irregular_city, eat_drink_and_be_merry_uskayaw
D:10:     layout_roguey, mainiacjoe_overflow_boulevard,
          nicolae_overflow_crystal_walls, david_lair_generic
D:11:     hangedman_cross_stitches, layout_basic, minmay_orc_entry_temple_small
D:12:     minmay_triangles_in_corner, layout_basic, grunt_dithmenos_smoke
Temple:   nicolae_temple_bog_church
Lair:1:   layout_cave_shapes, cheibrodos_lair_lostbears, wad_woods_river_01
Lair:2:   layout_regular_city, minmay_swamp_entry_worms, dummy_snake_entry,
          minmay_lair_oklob_items, st_stairs_5, evilmike_ambush
          [evilmike_ambush_outer_corners, evilmike_ambush_inner_basic],
          lemuel_fruit_fields
Lair:3:   layout_cave_pods, chequers_serial_rivers_large_a,
          serial_bayou_shore_b, lemuel_fruit_fields
Lair:4:   layout_long_grid, enter_volcano_3, uniq_josephine
Lair:5:   hangedman_lair_caniforms_friends, layout_hall_layers,
          hangedman_lair_tendril_chambers, slime_entry_1, uniq_rupert

Skill      XL: |  1  2  3  4  5  6  7  8  9 10 11 12 13 14 15 |
---------------+----------------------------------------------+-----
Fighting       | 2 3 5 6 7 9 10 12 13 14 | 14.6
Unarmed Combat | 3 4 5 6 7 9 11 12 14 15 16 17 | 17.0
Shapeshifting  | 4 5 7 8 9 11 12 13 14 | 14.7
Dodging        | |  2.1

Action                     |  1- 3 |  4- 6 |  7- 9 | 10-12 | 13-15 || total
---------------------------+-------+-------+-------+-------+-------++-------
  Melee: Unarmed           |   102 |   262 |   286 |   410 |   615 ||  1675
         Bite              |     6 |    33 |    41 |    67 |    92 ||   239
         Punch             |     3 |     2 |    17 |    44 |    62 ||   128
 Invoke: Recall Ancestor   |       |       |       |     6 |     8 ||    14
         Ancestor Life: Kn |       |       |       |     1 |       ||     1
  Evoke: Wand              |       |       |     1 |       |     7 ||     8
    Use: Potion            |       |     1 |     1 |       |     2 ||     4
         Scroll            |       |       |       |    21 |     9 ||    30
   Stab: Sleeping          |     2 |       |       |       |       ||     2
         Distracted        |       |       |       |     4 |     7 ||    11
 Armour: Animal skin       |    19 |       |       |       |       ||    19
         Plate armour      |       |   201 |   170 |       |       ||   371
         Skin              |       |     8 |     2 |       |       ||    10
         Chain mail        |       |       |    14 |   254 |   330 ||   598
  Dodge: Dodged            |    61 |    91 |    81 |   181 |   266 ||   680
   Form: Blade             |       |       |       |       |     3 ||     3
                           |       |       |       |       |     1 ||     1
         Beast             |       |       |       |       |     1 ||     1

Table legend: (Time is in decaauts)
 A = Elapsed time spent in this place.
 B = Non-inter-level travel time spent in this place.
 C = Inter-level travel time spent in this place.
 D = Time resting spent in this place.
 E = Time spent auto-exploring this place.
 F = Levels seen in this place.
 G = Mean time per level.
                   A        B        C        D        E       F      G
               +--------+--------+--------+--------+--------+-----+--------+
         Total |  23403 |  22917 |    486 |   4657 |  13939 |  20 | 1170.2 |
       Dungeon |  14206 |  13834 |    372 |   2574 |   8745 |  12 | 1183.8 |
        Temple |     34 |     17 |     17 |      0 |      0 |   1 |   34.0 |
          Lair |   8284 |   8188 |     96 |   1897 |   4884 |   5 | 1656.8 |
        Bailey |    556 |    556 |      0 |    102 |    212 |   1 |  556.0 |
       Volcano |    323 |    323 |      0 |     84 |     97 |   1 |  323.0 |
               +--------+--------+--------+--------+--------+-----+--------+

Top non-repeatable levels by time:
    D:11: 2444 daAuts
  Lair:2: 1937 daAuts
  Lair:1: 1851 daAuts
     D:5: 1662 daAuts
  Lair:4: 1646 daAuts
    D:10: 1542 daAuts
  Lair:5: 1522 daAuts
  Lair:3: 1325 daAuts
    D:12: 1286 daAuts
     D:6: 1161 daAuts
     D:4: 1144 daAuts
     D:9: 1081 daAuts
     D:1: 994 daAuts
     D:3: 842 daAuts
     D:2: 835 daAuts
